 Dungeon Crawl Stone Soup version 0.29-a0-559-g359e09b9d1 (webtiles) character file.

Game seed: 6320252090196035602

55 Nedwor the Twirler (level 3, 0/31 HPs)
             Began as a Minotaur Gladiator on June 10, 2022.
             Slain by a gnoll
             ... wielding a +0 halberd
              (5 damage)
             ... on level 2 of the Dungeon.
             The game lasted 00:01:31 (1012 turns).

Nedwor the Twirler (Minotaur Gladiator)             Turns: 1012, Time: 00:01:31

Health: 0/31       AC:  8    Str: 20    XL:     3   Next: 67%
Magic:  2/2        EV: 10    Int:  5    God:
Gold:   77         SH:  0    Dex: 11    Spells: 2/2 levels left

rFire   . . .      SeeInvis .   a - +0 quarterstaff
rCold   . . .      Faith    .   (shield currently unavailable)
rNeg    . . .      Spirit   .   l - +0 scale mail
rPois   .          Reflect  .   c - +0 hat
rElec   .          Harm     .   (no cloak)
rCorr   .          Rampage  .   b - +0 pair of gloves
Will    .....                   m - +0 pair of boots
Stlth   ..........              (no amulet)
HPRegen 0.10/turn               (no ring)
MPRegen 0.08/turn               (no ring)

@: no status effects
A: horns 2, retaliatory headbutt
a: no special abilities


You were on level 2 of the Dungeon.
You visited 1 branch of the dungeon, and saw 2 of its levels.

You collected 77 gold pieces.

Inventory:

Hand Weapons
 a - a +0 quarterstaff (weapon)
Missiles
 d - 3 throwing nets (quivered)
 e - a javelin
Armour
 b - a +0 pair of gloves (worn)
 c - a +0 hat (worn)
 l - a +0 scale mail (worn)
 m - a +0 pair of boots (worn)
Magical Staves
 f - a staff of earth
Jewellery
 i - a ring of magical power
Scrolls
 k - a scroll of immolation {unknown}
Potions
 g - 2 potions of lignification {unknown}
 h - a potion of mutation {unknown}
 j - a potion of attraction {unknown}
 n - a potion of brilliance {unknown}
 o - a potion of flight {unknown}
 p - a potion of curing {unknown}


   Skills:
 + Level 3.4 Fighting
 * Level 5.1 Staves
 - Level 2.0 Throwing
 - Level 3.2 Dodging


You had 2 spell levels left.
You didn't know any spells.
Your spell library contained the following spells:

 Spells                   Type           Power      Damage    Failure   Level
 Sublimation of Blood     Necr           0%         N/A       94%         2
 Wereblood                Tmut           0%         N/A       94%         2
 Summon Hydra             Summ           0%         N/A       100%        7


Dungeon Overview and Level Annotations

Branches:
Dungeon (2/15)

Altars:


Innate Abilities, Weirdness & Mutations

You have a pair of horns on your head.
You reflexively headbutt those who attack you in melee.


Message History

The gnoll is almost dead.
The gnoll hits you with a +0 whip.
You hit the gnoll.
You kill the gnoll!
The gnoll throws a throwing net.
The throwing net closely misses you.
Your Staves skill increases to level 5!
The gnoll closely misses you.
Items here: )) ††.
You hit the gnoll.
The gnoll is moderately wounded.
The gnoll barely misses you.
You hit the gnoll.
The gnoll is moderately wounded.
The gnoll misses you. The gnoll closely misses you. You furiously retaliate!
You headbutt the gnoll!
You kill the gnoll!
Things that are here:
a +0 club; a gnoll corpse You start resting.
A gnoll comes into view. It is wielding a +0 halberd.
A gnoll is nearby!
A gnoll is nearby!
A gnoll is nearby!
The gnoll shouts!
Items here: )) ††.
The gnoll hits you but does no damage.
Items here: )) ††.
You barely miss the gnoll. The gnoll barely misses you.
You closely miss the gnoll. The gnoll hits you with a +0 halberd.
You barely miss the gnoll. You headbutt the gnoll!
The gnoll is heavily wounded.
The gnoll hits you with a +0 halberd.
You barely miss the gnoll. Your headbutt misses the gnoll.
The gnoll is heavily wounded.
The gnoll hits you with a +0 halberd.
* * * LOW HITPOINT WARNING * * *
You hit the gnoll.
The gnoll is severely wounded.
The gnoll hits you with a +0 halberd.
You die...

#........#
.#.###### ###.##
### # ##.## #..
##.# ####.###
##.## ##...... #
###.## #......#
#.# .#.##
#..##..####..#
..## #.(..(..@g..#
..# #.##.#.######
..# #.#......#
..#######......#.#
........###..###.#
...............# .
........#.#....#
#.
..#######.#....#
.. ..# #.#....#


You could see a gnoll.

Vanquished Creatures
  3 gnolls (D:2)
  A dart slug (D:2)
  A ball python (D:1)
  6 bats (D:1)
  An endoplasm (D:1)
  A giant cockroach (D:1)
  3 goblins (D:1)
  4 hobgoblins
  2 frilled lizards
  2 kobolds (D:1)
  A rat (D:2)
25 creatures vanquished.

Notes
Turn   | Place    | Note
-------+----------+-------------------------------------------
     0 | D:1      | Nedwor the Minotaur Gladiator began the quest for the Orb.
     0 | D:1      | Reached XP level 1. HP: 18/18 MP: 0/0
   133 | D:1      | Reached skill level 4 in Staves
   213 | D:1      | Reached XP level 2. HP: 24/25 MP: 1/1
   320 | D:1      | Found a faded altar of an unknown god.
   992 | D:2      | Reached XP level 3. HP: 13/31 MP: 2/2
   997 | D:2      | Reached skill level 5 in Staves
  1012 | D:2      | Slain by a gnoll

Illustrated notes

Levels and vault maps discovered:
D:1:      minmay_arrival_stair_chambers, layout_basic, basic_ecumenical_altar,
          minmay_tiny_reverse_x
D:2:      layout_loops_cross

Skill      XL: |  1  2  3 |
---------------+----------+-----
Staves         | 4 5 |  5.1
Fighting       | 3 |  3.4
Throwing       | |  2.0
Dodging        | |  3.2

Action                   || total
-------------------------++-------
Melee: Quarterstaff      ||    68
       Headbutt          ||    10
Armor: Leather armour    ||     7
       Scale mail        ||    10
Dodge: Dodged            ||    38

Table legend: (Time is in decaauts)
 A = Elapsed time spent in this place.
 B = Non-inter-level travel time spent in this place.
 C = Inter-level travel time spent in this place.
 D = Time resting spent in this place.
 E = Time spent auto-exploring this place.
 F = Levels seen in this place.
 G = Mean time per level.
                   A        B        C        D        E       F      G
               +--------+--------+--------+--------+--------+-----+--------+
         Total |   1017 |    949 |     68 |      4 |    755 |   2 |  508.5 |
       Dungeon |   1017 |    949 |     68 |      4 |    755 |   2 |  508.5 |
               +--------+--------+--------+--------+--------+-----+--------+

Top non-repeatable levels by time:
     D:1: 883 daAuts
     D:2: 133 daAuts
